[Event "CHI-ch Absoluto 2020"]
[Site "Las Condes"]
[Date "2020.02.15"]
[Round "5.1"]
[White "Gomez Barrera, Gonzalo Andres"]
[Black "Romero Araya, Diego Alonso"]
[Result "0-1"]
[ECO "B14"]
[WhiteElo "2040"]
[BlackElo "2252"]
[Annotator "ChessBase"]
[PlyCount "60"]
[EventDate "2020.02.11"]
[EventType "tourn"]
[EventCountry "CHI"]
[SourceTitle "playchess.com"]
[Source "ChessBase"]
[SourceQuality "1"]
[TimeControl "5400+30"]

1. e4 c6 2. d4 d5 3. exd5 cxd5 4. c4 Nf6 5. Nc3 g6 6. Bg5 Bg7 7. Bxf6 Bxf6 8. Nxd5 Bg7 9. Nc3 Qxd4 10. Qxd4 Bxd4 11. Nge2 Be5 12. g3 Be6 13. Bg2 Nc6 14. b3 O-O-O 15. Rc1 Nb4 16. O-O Rd2 17. a3 Nc2 18. Rfd1 Rhd8 19. Rxd2 Rxd2 20. Kf1 Bg4 21. f3 Bf5 22. Nb1 Rd7 23. Kf2 Bb2 24. Rf1 Nxa3 25. Nxa3 Bxa3 26. Ra1 Bc5+ 27. Kf1 Rd2 28. g4 Bd3 29. Re1 Rb2 30. f4 Bb4 0-1

[Event "CHI-ch Absoluto 2020"]
[Site "Las Condes"]
[Date "2020.02.15"]
[Round "5.3"]
[White "Valenzuela Fuentealba, Luis"]
[Black "Gasic Merino, Franco Ignacio"]
[Result "1/2-1/2"]
[ECO "A38"]
[WhiteElo "2450"]
[BlackElo "2168"]
[Annotator "ChessBase"]
[PlyCount "57"]
[EventDate "2020.02.11"]
[EventType "tourn"]
[EventCountry "CHI"]
[SourceTitle "playchess.com"]
[Source "ChessBase"]
[SourceQuality "1"]
[TimeControl "5400+30"]

1. d4 Nf6 2. c4 g6 3. Nf3 Bg7 4. g3 c5 5. Bg2 cxd4 6. Nxd4 O-O 7. Nc3 Nc6 8. Nc2 Qa5 9. O-O d6 10. Bd2 Qh5 11. e4 Ng4 12. h3 Nge5 13. Ne3 Bxh3 14. Qxh5 gxh5 15. f4 Bxg2 16. Kxg2 Ng4 17. Nf5 Bxc3 18. Bxc3 e6 19. Nxd6 Ne3+ 20. Kf2 Nxf1 21. Rxf1 b6 22. Bf6 h6 23. Rh1 Kh7 24. f5 Rg8 25. Rxh5 exf5 26. exf5 Rg6 27. fxg6+ Kxg6 28. Rf5 Kh7 29. Rh5 1/2-1/2

[Event "CHI-ch Absoluto 2020"]
[Site "Las Condes"]
[Date "2020.02.15"]
[Round "5.4"]
[White "Vergara Jofre, Felipe Andres"]
[Black "Aguirre Contreras, Cristian Rodrigo"]
[Result "0-1"]
[ECO "B06"]
[WhiteElo "2217"]
[BlackElo "2187"]
[Annotator "ChessBase"]
[PlyCount "74"]
[EventDate "2020.02.11"]
[EventType "tourn"]
[EventCountry "CHI"]
[SourceTitle "playchess.com"]
[Source "ChessBase"]
[SourceQuality "1"]
[TimeControl "5400+30"]

1. e4 g6 2. d4 Bg7 3. Nf3 d6 4. Bc4 c6 5. h3 Nf6 6. e5 dxe5 7. Nxe5 O-O 8. O-O Nbd7 9. Nc3 Nb6 10. Bb3 a5 11. a4 Nbd5 12. Ne2 Be6 13. c4 Nb4 14. Be3 b6 15. Nf4 Bf5 16. g4 Bc8 17. Qf3 Bb7 18. Rfd1 Qc7 19. c5 bxc5 20. Nxf7 Nfd5 21. Ne6 Qd7 22. Nxf8 Rxf8 23. dxc5 Rxf7 24. Qg3 e5 25. Rd2 Qe7 26. Re1 Ba6 27. Bd4 e4 28. Bxg7 Kxg7 29. Rd4 Bd3 30. Qd6 Qh4 31. Qe5+ Kh6 32. g5+ Qxg5+ 33. Qxg5+ Kxg5 34. Bxd5 cxd5 35. c6 Kf4 36. Rc1 Rc7 37. Rc5 Ke5 0-1

[Event "CHI-ch Absoluto 2020"]
[Site "Las Condes"]
[Date "2020.02.15"]
[Round "5.5"]
[White "Torres Bravo, Cristobal Renato"]
[Black "Garcia Cardenas, Pablo"]
[Result "0-1"]
[ECO "A13"]
[WhiteElo "2372"]
[BlackElo "2424"]
[Annotator "ChessBase"]
[PlyCount "128"]
[EventDate "2020.02.11"]
[EventType "tourn"]
[EventCountry "CHI"]
[SourceTitle "playchess.com"]
[Source "ChessBase"]
[SourceQuality "1"]
[TimeControl "5400+30"]

1. Nf3 d5 2. c4 e6 3. e3 Nf6 4. b3 c5 5. cxd5 exd5 6. d4 Nc6 7. Be2 cxd4 8. Nxd4 Bb4+ 9. Bd2 Bxd2+ 10. Nxd2 Nxd4 11. exd4 O-O 12. O-O Bf5 13. Nf3 Rc8 14. Ne5 Qa5 15. Bd3 Bxd3 16. Qxd3 Rc3 17. Qf5 Rfc8 18. g4 Qc7 19. g5 Ne4 20. f3 Nd6 21. Qf4 Rc2 22. Kh1 Qe7 23. Rae1 Qe6 24. Ng4 Re2 25. Rxe2 Qxe2 26. Rf2 Qe6 27. Qe5 Nf5 28. Qf4 Nh4 29. Nh6+ gxh6 30. Qxh4 Qe1+ 31. Kg2 Rc6 32. Qf4 Rg6 33. h4 hxg5 34. Qb8+ Kg7 35. h5 Rh6 36. Rc2 Rxh5 37. Qe5+ Qxe5 38. dxe5 Rh6 39. Rd2 Ra6 40. Kg3 Ra5 41. Rd4 Kg6 42. b4 Rxa2 43. Rxd5 Ra6 44. f4 Ra3+ 45. Kf2 gxf4 46. Rd6+ Kf5 47. Rf6+ Kxe5 48. Rxf7 b5 49. Rxh7 Kd4 50. Rc7 a5 51. bxa5 Rxa5 52. Rb7 Kc3 53. Rc7+ Kb3 54. Kf3 Ra1 55. Ke2 f3+ 56. Kf2 Rd1 57. Kxf3 Re1 58. Kf2 Re5 59. Kf3 b4 60. Kf2 Kb2 61. Kf3 b3 62. Kf2 Kb1 63. Kf1 b2 64. Kf2 Rb5 0-1

[Event "CHI-ch Absoluto 2020"]
[Site "Las Condes"]
[Date "2020.02.20"]
[Round "11.1"]
[White "Vergara Jofre, Felipe Andres"]
[Black "Olivares Olivares, Claudio"]
[Result "0-1"]
[ECO "B85"]
[WhiteElo "2217"]
[BlackElo "2395"]
[Annotator "NA"]
[PlyCount "52"]
[EventDate "2020.02.11"]
[EventType "tourn"]
[EventCountry "CHI"]
[SourceTitle "playchess.com"]
[Source "ChessBase"]
[SourceQuality "1"]
[TimeControl "5400+30"]

1. e4 c5 2. Nf3 d6 3. d4 cxd4 4. Nxd4 Nf6 5. Nc3 a6 6. Be2 e6 7. O-O Be7 8. f4 Nc6 9. Be3 Qc7 10. Qe1 O-O 11. Qg3 Bd7 12. Rae1 $11 Rac8 13. Kh1 Kh8 14. a4 Nb4 15. Bf3 e5 16. fxe5 dxe5 17. Nd5 Nbxd5 18. exd5 Bd6 19. Qg5 exd4 20. Bxd4 h6 21. Qh4 Ng8 22. Bh5 f6 23. Bg6 Qc4 24. Bd3 Qxd5 25. c4 Qg5 26. Qe4 f5 0-1

[Event "CHI-ch Absoluto 2020"]
[Site "Las Condes"]
[Date "2020.02.20"]
[Round "11.2"]
[White "Torres Bravo, Cristobal Renato"]
[Black "Gomez Barrera, Gonzalo Andres"]
[Result "0-1"]
[ECO "A13"]
[WhiteElo "2372"]
[BlackElo "2040"]
[Annotator "NA"]
[PlyCount "76"]
[EventDate "2020.02.11"]
[EventType "tourn"]
[EventCountry "CHI"]
[SourceTitle "playchess.com"]
[Source "ChessBase"]
[SourceQuality "1"]
[TimeControl "5400+30"]

1. c4 e6 2. Nf3 d5 3. g3 Nf6 4. Bg2 dxc4 5. Qa4+ Qd7 6. Qxc4 Qc6 7. b3 $14 Qxc4 8. bxc4 c6 9. O-O Nbd7 10. d4 Bd6 11. Bb2 O-O 12. Nbd2 Re8 13. c5 Bc7 14. Nc4 e5 15. e3 e4 16. Nfd2 b6 17. Nb3 Ba6 18. Rfc1 Bxc4 19. Rxc4 b5 20. Rcc1 a5 21. a4 b4 22. Nd2 Rad8 23. Rc2 Nb8 24. Re1 Re7 25. f3 exf3 26. Bxf3 Nd5 27. e4 f5 28. exd5 Rxe1+ 29. Kf2 Rde8 30. d6 Bd8 31. d5 cxd5 32. Bxd5+ Kh8 33. Nc4 b3 34. Rd2 Bg5 35. Rd3 R8e2+ 36. Kf3 Rxh2 37. Ne3 Bxe3 38. Rxe3 Rf1# 0-1

[Event "CHI-ch Absoluto 2020"]
[Site "Las Condes"]
[Date "2020.02.20"]
[Round "11.3"]
[White "Garcia Cardenas, Pablo"]
[Black "Reinuaba Escobar, Carlos"]
[Result "1-0"]
[ECO "E90"]
[WhiteElo "2424"]
[BlackElo "2184"]
[Annotator "NA"]
[PlyCount "83"]
[EventDate "2020.02.11"]
[EventType "tourn"]
[EventCountry "CHI"]
[SourceTitle "playchess.com"]
[Source "ChessBase"]
[SourceQuality "1"]
[TimeControl "5400+30"]

1. d4 Nf6 2. c4 g6 3. Nc3 Bg7 4. e4 d6 5. h3 O-O 6. Be3 c5 7. Nf3 cxd4 8. Nxd4 b6 9. g3 Bb7 10. Bg2 $1 Nbd7 $14 11. O-O Nc5 12. f3 Rc8 13. b3 a6 14. Qd2 Re8 15. Rfd1 Nfd7 16. Rac1 h5 17. g4 hxg4 18. hxg4 Ne5 19. Qe2 e6 20. f4 Nc6 21. e5 Nxd4 22. Rxd4 Bxg2 23. Qxg2 Qc7 24. Rxd6 Bf8 25. Rd2 Red8 26. Rcd1 Rxd2 27. Qxd2 Be7 28. g5 Kg7 29. Qe2 Rh8 30. Qf3 Rd8 31. Bd4 Rd7 32. Nd5 Qb7 33. Kg2 Kf8 34. Rh1 Ke8 35. Rh8+ Bf8 36. Nf6+ Ke7 37. Bxc5+ bxc5 38. Nxd7 Qxd7 39. Kg3 a5 40. a4 Qd4 41. Qb7+ Ke8 42. Qc8+ 1-0

[Event "CHI-ch Absoluto 2020"]
[Site "Las Condes"]
[Date "2020.02.20"]
[Round "11.5"]
[White "Gasic Merino, Franco Ignacio"]
[Black "Salinas Herrera, Pablo Patricio"]
[Result "0-1"]
[ECO "B06"]
[WhiteElo "2168"]
[BlackElo "2502"]
[Annotator "RC"]
[PlyCount "74"]
[EventDate "2020.02.11"]
[EventType "tourn"]
[EventCountry "CHI"]
[SourceTitle "playchess.com"]
[Source "ChessBase"]
[SourceQuality "1"]
[TimeControl "5400+30"]

1. d4 g6 2. g3 Bg7 3. Bg2 d6 4. e4 c5 5. dxc5 Qa5+ 6. Nc3 Qxc5 7. Nge2 Nf6 8. O-O O-O 9. Be3 Qa5 10. Qc1 Re8 11. h3 Nc6 12. Nf4 Bd7 13. Bd2 Rac8 14. Re1 Ne5 15. Nd3 Nc4 16. Bh6 Bxh6 17. Qxh6 Nxb2 18. Nd5 Nxd3 19. Nxf6+ exf6 20. cxd3 Qg5 21. Qxg5 fxg5 22. Reb1 b5 23. Rb4 Kf8 24. a4 bxa4 25. Rb7 Red8 26. Rxa7 Ra8 27. Rc7 Be8 28. Ra3 Rdc8 29. Rb7 Rab8 30. Ra7 Rc1+ 31. Kh2 Rb2 32. d4 Rxf2 33. g4 Rd2 34. d5 Rcc2 35. Rg3 Bb5 36. e5 dxe5 37. d6 Bc6 0-1